Map: Blueshift LE

Players

Kelazhur - Winner!

  • Race: Terran Terran
  • League: Master
  • Spawn Location: 7:00

goblin

  • Race: Protoss Protoss
  • Spawn Location: 1:00

Event: HomeStory Cup XVIII

VOD

Have the link to the VOD?

Description

Time

  • Played on: Nov. 22, 2018, 11:34 a.m.
  • Length: 4:31

All games in this series

Show
View Real Time Build Order
Export as new Build Order

Kelazhur Terran - Winner!

Build Orders: Cyclone Opening 

Get SALT Encoding   

  12  0:00  SCV  
  13  0:12  SCV  
  14  0:18  Supply Depot  
  14  0:24  SCV  
  15  0:39  SCV  
  15  0:40  Barracks  
  16  0:45  Refinery  
  16  0:51  SCV  
  16  0:54  Refinery  
  17  1:03  SCV  
  18  1:16  SCV  
  19  1:27  Reaper  
  19  1:28  Orbital Command  
  20  1:36  Bunker  
  20  1:44  Factory  
  20  1:54  SCV  
  21  1:59  Supply Depot  
  21  2:06  SCV  
  22  2:18  SCV  
  22  2:28  Factory Tech Lab  
  22  2:30  SCV  
  22  2:35  Starport  
  23  2:47  Cyclone  
  23  2:49  Supply Depot, SCV  
  27  3:02  SCV  
  28  3:11  Viking  
  30  3:14  SCV  
  30  3:19  Cyclone  
  34  3:27  Command Center  
  34  3:33  SCV  
  35  3:41  Viking  
  35  3:48  Barracks  
  37  3:50  Barracks Reactor  
  37  3:53  SCV  
  37  4:12  Supply Depot  
  37  4:14  Engineering Bay  
  40  4:26  Barracks  
Show
View Real Time Build Order
Export as new Build Order

goblin Protoss 

Build Orders: Oracle Opening 

Get SALT Encoding   

  12  0:01  Probe  
  13  0:13  Probe  
  14  0:17  Pylon  
  14  0:24  Probe  
  15  0:32  Probe  
  15  0:40  Gateway, Probe  
  16  0:47  Assimilator  
  17  0:52  Probe  
  18  1:01  Assimilator  
  18  1:04  Probe  
  19  1:16  Probe  
  20  1:27  Cybernetics Core  
  20  1:28  Zealot, Probe  
  23  1:37  Pylon  
  23  1:42  Pylon  
  23  1:54  Pylon  
  23  1:55  Adept, Probe  
  26  2:09  Stargate  
  26  2:18  Probe  
  26  2:21  Adept  
  27  2:30  Probe  
  28  2:45  Oracle  
  27  2:51  Adept  
  27  2:58  Probe  
  32  3:10  Nexus  
  32  3:13  Probe  
  32  3:17  Oracle  
  36  3:38  Probe  
  37  3:50  Probe  
  38  3:55  Pylon  
  38  4:02  Probe  
  39  4:08  Pylon  
  39  4:13  Gateway  
  39  4:14  Gateway  
Tags
 
Add a new tag
Caveats
  • Supply blocks, unpowered buildings, or Contaminate may cause inaccurate times.
  • Supply counts are checked every 10 seconds.